Map: Automaton LE

Players

Rail

  • Race: Protoss Protoss
  • League: Grandmaster
  • Spawn Location: 9:00

HeroMarine - Winner!

  • Race: Terran Terran
  • League: Master
  • Spawn Location: 3:00

Event: 2019 WCS Winter Europe

VOD

Have the link to the VOD?

Description

Time

  • Played on: March 23, 2019, 11:47 a.m.
  • Length: 10:33

All games in this series

Show
View Real Time Build Order
Export as new Build Order

Rail Protoss 

Build Orders: 1 Gate Expand, Phoenix Opening, Colossus Rush 

Get SALT Encoding   

  12  0:00  Probe  
  13  0:12  Probe  
  14  0:18  Pylon  
  14  0:23  Probe  
  15  0:32  Probe  
  15  0:38  Gateway  
  15  0:40  Probe  
  16  0:47  Assimilator  
  17  0:52  Probe  
  19  1:04  Probe  
  19  1:16  Probe  
  20  1:24  Nexus  
  20  1:34  Cybernetics Core  
  20  1:36  Probe  
  21  1:41  Assimilator  
  21  1:48  Probe  
  21  1:52  Pylon  
  22  2:00  Probe, Adept  
  23  2:12  Probe  
  26  2:17  Stargate  
  26  2:22  Warp Gate  
  26  2:24  Probe  
  27  2:30  Adept  
  27  2:32  Probe  
  27  2:33  Probe  
  31  2:40  Probe  
  31  2:41  Probe  
  32  2:50  Probe  
  32  2:51  Probe  
  33  2:54  Phoenix  
  35  3:02  Probe, Adept  
  35  3:04  Probe  
  41  3:08  Pylon  
  41  3:10  Pylon  
  41  3:14  Probe  
  41  3:15  Phoenix  
  44  3:21  Probe  
  44  3:26  Probe  
  46  3:33  Probe  
  47  3:34  Phoenix  
  47  3:38  Probe  
  50  3:43  Pylon  
  50  3:44  Gateway  
  50  3:45  Probe  
  51  3:52  Probe  
  51  3:55  Phoenix, Assimilator  
  52  4:00  Assimilator  
  52  4:01  Probe  
  55  4:04  Robotics Facility  
  55  4:09  Probe  
  56  4:13  Probe  
  56  4:15  Pylon  
  57  4:21  Phoenix, Probe  
  60  4:25  Probe  
  60  4:26  Pylon  
  61  4:33  Probe  
  62  4:38  Nexus  
  62  4:40  Probe  
  63  4:45  Pylon  
  63  4:49  Phoenix  
  63  4:52  Pylon  
  65  4:59  Observer  
  66  5:00  Robotics Bay  
  66  5:02  Zealot  
  66  5:04  Probe  
  66  5:05  Probe  
  70  5:16  Probe  
  69  5:22  Gateway  
  69  5:23  Sentry  
  69  5:24  Gateway  
  71  5:29  Colossus  
  71  5:33  Probe  
  71  5:34  Probe  
  71  5:35  Phoenix  
  75  5:44  Shield Battery  
  75  5:45  Probe  
  75  5:48  Extended Thermal Lance  
  82  5:51  Probe x2  
  82  5:56  Zealot x2  
  88  5:57  Probe  
  88  6:03  Probe x2  
  91  6:07  Probe  
  91  6:09  Colossus, Phoenix  
  92  6:15  Probe x3  
  96  6:21  Pylon  
  103  6:32  Phoenix, Gateway  
  103  6:33  Assimilator  
  103  6:34  Gateway  
  103  6:35  Gateway  
  105  6:43  Zealot, Sentry  
  105  6:45  Colossus, Pylon, Gateway  
  109  6:48  Pylon  
  109  6:50  Phoenix  
  109  6:58  Pylon  
  109  6:59  Pylon  
  111  7:02  Pylon  
  117  7:13  Pylon  
  117  7:15  Phoenix  
  117  7:16  Pylon  
  117  7:17  Zealot x2, Sentry  
  117  7:18  Zealot  
  127  7:23  Assimilator  
  127  7:25  Pylon  
  127  7:27  Warp Prism  
  127  7:40  Phoenix  
  131  7:47  Stalker  
  131  7:48  Zealot x4  
  131  7:49  Stalker x2  
  131  7:50  Stalker  
  147  7:58  Pylon  
  147  8:04  Phoenix  
  147  8:08  Sentry  
  147  8:09  Stalker x3  
  157  8:19  Stalker x2  
  161  8:21  Stalker, Zealot  
  161  8:22  Pylon  
  165  8:33  Stalker, Zealot  
  169  8:34  Stalker x2  
  173  8:44  Stalker x3  
  173  8:45  Stalker  
  179  8:59  Stalker x4  
  187  9:15  Stalker x3  
  165  9:23  Stalker  
  165  9:24  Stalker x4  
  113  9:38  Stalker x3  
  83  9:45  Phoenix  
Show
View Real Time Build Order
Export as new Build Order

HeroMarine Terran - Winner!

Build Orders: Gas First Reaper Expand 

Get SALT Encoding   

  12  0:00  SCV  
  13  0:12  SCV  
  14  0:17  Supply Depot  
  14  0:24  SCV  
  15  0:33  Refinery  
  15  0:39  SCV  
  16  0:45  Barracks  
  16  0:51  SCV  
  17  1:03  SCV  
  18  1:15  SCV  
  19  1:32  Reaper, Orbital Command  
  20  1:45  Command Center  
  20  1:55  Factory  
  20  1:59  SCV  
  21  2:12  SCV, Barracks Reactor  
  22  2:18  Supply Depot  
  22  2:19  Refinery  
  22  2:24  SCV  
  23  2:40  SCV  
  23  2:41  Hellion  
  26  2:46  Starport  
  26  2:49  Marine  
  26  2:50  Marine  
  28  2:52  SCV  
  28  2:58  Orbital Command  
  29  3:04  SCV  
  30  3:06  Widow Mine  
  30  3:11  Marine  
  30  3:12  Marine  
  34  3:16  SCV  
  35  3:22  Medivac  
  35  3:24  SCV  
  38  3:28  SCV, Widow Mine  
  38  3:29  Marine  
  38  3:32  Marine  
  43  3:36  Supply Depot  
  43  3:39  SCV  
  43  3:40  SCV  
  45  3:48  Barracks  
  45  3:54  SCV  
  46  3:58  SCV, Marine  
  46  3:59  Marine  
  46  4:00  Starport Tech Lab  
  46  4:02  Bunker  
  49  4:06  SCV  
  48  4:10  SCV  
  48  4:11  Widow Mine  
  48  4:15  Barracks  
  48  4:16  Marine  
  51  4:17  Marine  
  51  4:18  SCV  
  51  4:22  SCV  
  51  4:23  Supply Depot  
  54  4:37  Factory Tech Lab  
  54  4:39  Engineering Bay  
  54  4:44  SCV x2, Marine x2  
  58  4:46  Supply Depot  
  58  4:48  Viking  
  58  4:49  Stimpack  
  60  4:56  SCV x2, Supply Depot  
  62  5:07  Terran Infantry Weapons Level 1  
  62  5:08  Marauder  
  62  5:09  SCV x2  
  66  5:14  Marine x2  
  66  5:21  SCV x2, Combat Shield, Refinery  
  72  5:22  Starport Reactor  
  72  5:25  Factory Reactor  
  72  5:27  Missile Turret  
  74  5:36  Marine  
  74  5:40  Command Center  
  74  5:41  Missile Turret, Marine  
  70  5:44  Marauder  
  70  5:45  Marauder  
  70  5:49  Supply Depot  
  74  5:50  Supply Depot  
  74  5:56  Marine  
  75  5:58  Marine  
  75  5:59  SCV x2  
  78  6:07  Supply Depot  
  78  6:10  Medivac x2  
  78  6:11  Marauder, Widow Mine  
  86  6:12  Marauder, Widow Mine  
  86  6:13  SCV  
  86  6:14  SCV  
  86  6:17  Marine  
  86  6:18  Marine  
  93  6:31  Marine, Barracks  
  94  6:33  Marine  
  94  6:34  SCV x2  
  94  6:35  Refinery, Marine x2  
  94  6:36  Barracks  
  99  6:42  Medivac  
  99  6:46  SCV  
  102  6:50  Supply Depot  
  102  6:52  Medivac  
  102  6:53  Orbital Command  
  105  6:59  Marauder x2, Marine x2  
  111  7:01  SCV x2  
  111  7:02  Terran Infantry Armor Level 1  
  112  7:13  SCV x2, Ghost Academy  
  114  7:20  Marauder x2  
  114  7:21  Viking  
  114  7:22  Viking  
  122  7:24  Orbital Command  
  122  7:27  Barracks Tech Lab x2  
  122  7:28  SCV  
  122  7:29  SCV  
  124  7:30  Starport  
  124  7:41  SCV  
  124  7:43  Supply Depot  
  124  7:44  SCV  
  126  7:47  Refinery  
  125  7:52  Refinery  
  125  7:53  Viking x2  
  125  7:54  SCV  
  125  7:55  SCV  
  125  7:56  SCV  
  132  7:59  Concussive Shells  
  132  8:04  Marauder  
  132  8:05  Marauder x3, Supply Depot  
  140  8:06  Missile Turret  
  140  8:07  SCV  
  141  8:15  Supply Depot x2  
  141  8:26  Viking x2, Ghost x2  
  149  8:28  Marauder  
  149  8:30  Marauder  
  149  8:31  Viking, Orbital Command  
  153  8:36  Viking  
  153  8:39  Orbital Command  
  155  8:49  Marauder  
  155  8:51  Marauder  
  155  8:54  Ghost  
  159  8:56  Marauder  
  159  8:57  Supply Depot  
  159  9:02  Viking  
  160  9:11  Marauder  
  160  9:12  Orbital Command  
  160  9:13  Marauder  
  160  9:16  Marine x2  
  137  9:18  Marauder  
  137  9:24  Marauder  
  97  9:26  Viking  
  81  9:32  Marauder  
  81  9:34  Marauder  
  69  9:39  Marauder  
  69  9:40  Marine  
  69  9:41  Marine  
  69  9:45  Marauder  
  71  9:53  Marauder  
Tags
 
Add a new tag
Caveats
  • Supply blocks, unpowered buildings, or Contaminate may cause inaccurate times.
  • Supply counts are checked every 10 seconds.